 Dungeon Crawl Stone Soup version 0.17.0-24-gcfadda4 (console) character file.

151 gw the Slasher (level 5, -3/35 HPs)
             Began as a High Elf Gladiator on Nov 16, 2015.
             Was an Initiate of Elyvilon.
             Slain by a gnoll
             ... wielding a +0 halberd
              (11 damage)
             ... on level 2 of the Dungeon.
             The game lasted 00:01:27 (2329 turns).

gw the Slasher (High Elf Gladiator)                 Turns: 2329, Time: 00:01:27

Health: -3/35      AC:  8    Str: 14    XL:     5   Next: 10%
Magic:  7/8        EV: 12    Int: 11    God:    Elyvilon [......]
Gold:   23         SH:  0    Dex: 17    Spells: 0 memorised, 4 levels left

rFire  . . .     SeeInvis .     a - +0 long sword
rCold  . . .     Clarity  .     m - +0 ring mail
rNeg   . . .     SustAt   .     (no shield)
rPois  .         Gourm    .     c - +0 helmet
rElec  .         Spirit   .     h - +0 cloak {+Inv}
rCorr  .         Warding  .     (no gloves)
rMut   .         Stasis   .     l - +0 pair of boots
MR     .....                    (no amulet)
Stlth  +.........               (no ring)
                                (no ring)

@: heavily drained, not resistant to hostile enchantments, very unstealthy
A: no striking features
a: Renounce Religion, Evoke Invisibility


You were on level 2 of the Dungeon.
You worshipped Elyvilon.
Elyvilon was noncommittal.
You were not hungry.

You visited 1 branch of the dungeon, and saw 2 of its levels.

You collected 23 gold pieces.

Inventory:

Hand Weapons
 a - a +0 long sword (weapon)
Missiles
 d - 3 throwing nets
 r - 27 arrows
Armour
 c - a +0 helmet (worn)
 h - a +0 cloak of invisibility (worn)
 l - a +0 pair of boots (worn)
 m - a +0 ring mail (worn)
Wands
 j - a wand of fireball (7)
 o - a wand of hasting (3)
Scrolls
 b - 3 scrolls of teleportation {unknown}
 g - a scroll of recharging {unknown}
 i - a scroll of identify
 s - a scroll of amnesia {unknown}
Potions
 k - a potion of magic {unknown}
 p - a potion of flight {unknown}
 q - a potion of ambrosia {unknown}
Comestibles
 e - a bread ration
 f - 3 meat rations
 n - a royal jelly
 t - 2 chunks of flesh


   Skills:
 + Level 2.7(1.4) Fighting
 + Level 4.7(3.3) Long Blades
 - Level 2.0(0.7) Throwing
 + Level 4.3(3.0) Dodging
 * Level 2.7(1.4) Invocations


You had 4 spell levels left.
You didn't know any spells.

Dungeon Overview and Level Annotations

Branches:
Dungeon (2/15)

Altars:
Ashenzari
Elyvilon
Okawaru


Message History

ATTACK MOVE TO (1,1)
You slash the gnoll!
The gnoll is severely wounded.
The gnoll misses you. The gnoll barely misses you.
ATTACK MOVE TO (1,1)
You closely miss the gnoll.
The gnoll is severely wounded.
The gnoll hits you with a whip! The gnoll closely misses you.
ATTACK MOVE TO (1,1)
You closely miss the gnoll.
The gnoll is severely wounded.
The gnoll hits you with a whip.
The gnoll hits you from afar with a halberd.
ATTACK MOVE TO (1,1)
You slash the gnoll!
You kill the gnoll!
The gnoll closely misses you.
ATTACK MOVE TO (1,1)
The gnoll hits you with a halberd!
You die...

# ####### ......#
#### ## #####.# #..
#. #####.# #$# ###.
....#.##########.##
#...
###.#.#.........).#
#.#.
###......#######e.#
#.#. ..........#
#.g# #.##
######..(## #....
###.## # ##.##
#.....# #...##
##### #.# #..#...#
###.### ..>.# #.#
#......# #...#
###.###'## #.## ..#
#%#.# ###.##...##
#.# .#####.###
.##.#.....##
#.....####


You could see a gnoll.

Table legend:
 A = Turns spent in this place as a percentage of turns spent in the entire game.
 B = Non-inter-level travel turns spent in this place as a percentage of non-inter-level travel turns spent in the entire game.
 C = Inter-level travel turns spent in this place as a percentage of turns spent in this place.
 D = Turns resting spent in this place as a percentage of non-inter-level travel turns spent in this place.
 E = Turns spent auto-exploring this place as a percentage of non-inter-level travel turns spent in this place.
 F = Non-inter-level travel turns spent in this place divided by the number of levels of this place that you've seen.
                   A       B       C       D       E      F
               +-------+-------+-------+-------+-------+----------------------
         Total | 100.0 | 100.0 |   0.3 |   1.1 |   2.4 | 1623.5
       Dungeon | 100.0 | 100.0 |   0.3 |   1.1 |   2.4 | 1623.5
               +-------+-------+-------+-------+-------+----------------------

Table legend:
 A = Kills in this place as a percentage of kills in entire the game.
 B = Kills by you in this place as a percentage of kills by you in the entire game.
 C = Kills by friends in this place as a percentage of kills by friends in the entire game.
 D = Other kills in this place as a percentage of other kills in the entire game.
 E = Experience gained in this place as a percentage of experience gained in the entire game.
 F = Experience gained in this place divided by the number of levels of this place that you have seen.
                   A       B       C       D       E      F
               +-------+-------+-------+-------+-------+----------------------
         Total | 100.0 | 100.0 |  -nan |  -nan | 100.0 | 108.0
       Dungeon | 100.0 | 100.0 |  -nan |  -nan | 100.0 | 108.0
               +-------+-------+-------+-------+-------+----------------------

Vanquished Creatures
  Ijyb (D:2)
  Terence (D:2)
  2 gnolls (D:2)
  3 adders (D:2)
  An ooze (D:1)
  A giant cockroach (D:2)
  5 hobgoblins (D:2)
  A ball python (D:2)
  8 bats
  A giant newt (D:2)
  8 goblins
  10 jackals (D:2)
  2 kobolds
  7 rats
51 creatures vanquished.

Notes
Turn   | Place    | Note
--------------------------------------------------------------
     0 | D:1      | gw the High Elf Gladiator began the quest for the Orb.
     0 | D:1      | Reached XP level 1. HP: 14/14 MP: 2/2
   211 | D:1      | Reached XP level 2. HP: 17/19 MP: 3/3
   213 | D:1      | Reached skill level 4 in Long Blades
   843 | D:2      | Found a white marble altar of Elyvilon.
   849 | D:2      | Became a worshipper of Elyvilon the Healer
   931 | D:2      | Reached XP level 3. HP: 10/25 MP: 4/4
  1274 | D:2      | Noticed Ijyb
  1281 | D:2      | Killed Ijyb
  1281 | D:2      | Reached skill level 1 in Invocations
  1392 | D:2      | Found an iron altar of Okawaru.
  1392 | D:2      | Found a shattered altar of Ashenzari.
  1457 | D:2      | Reached XP level 4. HP: 27/30 MP: 6/6
  1929 | D:2      | Noticed Terence
  1947 | D:2      | Killed Terence
  2320 | D:2      | Reached XP level 5. HP: 35/35 MP: 7/7
  2329 | D:2      | Slain by a gnoll

Action                   |  1- 3 |  4- 6 || total
-------------------------+-------+-------++-------
Melee: Long sword        |   104 |   100 ||   204
  Use: Scroll            |     3 |       ||     3
       Potion            |     1 |     1 ||     2
  Eat: Chunk             |     2 |     3 ||     5

Vault maps used:
D:1:      roderic_crossed_star
D:2:      gammafunk_temple_overflow_statue, old_standard_altar,
          minmay_misc_feat_hallway, uniq_iyjb, uniq_terence
